 Dungeon Crawl Stone Soup version 0.13.2 (webtiles) character file.

251 sanboga the Covered (level 4, -5/36 HPs)
             Began as a Demonspawn Fighter on Oct 23, 2017.
             Slain by sanboga's ghost (10 damage)
             ... on Level 3 of the Dungeon.
             The game lasted 00:05:15 (2403 turns).

sanboga the Covered (Demonspawn Fighter)            Turns: 2403, Time: 00:05:15

HP  -5/36        AC  6     Str 16      XL: 4   Next: 69%
MP   0/3         EV  6     Int  9      God:
Gold 135         SH 18     Dex 14      Spells:  0 memorised,  3 levels left

Res.Fire  : . . .   See Invis. : .   a - +0 trident
Res.Cold  : . . .   Warding    : .   b - +0 scale mail
Life Prot.: . . .   Conserve   : .   c - +0 shield
Res.Poison: .       Res.Corr.  : .   (no helmet)
Res.Elec. : .       Clarity    : .   (no cloak)
Sust.Abil.: . .     Spirit.Shd : +   (no gloves)
Res.Mut.  : .       Stasis     : .   (no boots)
Res.Rott. : .       Flight     : .   (no amulet)
Saprovore : . . .                    (no ring)
                                     (no ring)

@: slightly resistant to hostile enchantments, extremely unstealthy
A: powered by death 1, magic shield
a: no special abilities


You were on level 3 of the Dungeon.
You were hungry.

You visited 1 branch of the dungeon, and saw 3 of its levels.

You collected 115 gold pieces.

Inventory:

Hand weapons
 a - a +0,+0 trident (weapon)
Armour
 b - a +0 scale mail (worn)
 c - a +0 shield (worn)
Comestibles
 d - 4 bread rations
 i - a meat ration
 m - a rambutan
 n - a pear
Scrolls
 e - a scroll of random uselessness {unknown}
 h - a scroll of teleportation {unknown}
 j - a scroll of remove curse {unknown}
 l - a scroll of identify {unknown}
 o - a scroll of magic mapping {unknown}
 p - a scroll of curse armour {unknown}
Potions
 f - a potion of curing
 g - a potion of agility {unknown}
 k - a potion of brilliance {unknown}
 q - a potion of heal wounds {unknown}


   Skills:
 + Level 3.2 Fighting
 + Level 2.5 Polearms
 + Level 3.3 Armour
 + Level 1.7 Dodging
 + Level 3.3 Shields


You had 3 spell levels left.
You didn't know any spells.

Dungeon Overview and Level Annotations

Branches:
Dungeon (3/27)

Altars:

Annotations:
D:3 sanboga's ghost, average DsFi


Innate Abilities, Weirdness & Mutations

You can steal the life force of nearby defeated enemies.
When hurt, damage is shared between your health and your magic reserves.


Message History

Sanboga's ghost is moderately damaged.
Sanboga's ghost hits you!
* * * LOW HITPOINT WARNING * * *
You hit sanboga's ghost.
Sanboga's ghost is moderately damaged.
Sanboga's ghost hits you but does no damage.
Read which item? (? for menu, Esc to quit)
As you read the scroll labeled UTECZUFESA, it crumbles to dust.
Nothing appears to happen.
Sanboga's ghost barely misses you. Sanboga's ghost barely misses you.
An orc comes into view. It is wielding an orcish hand axe.
The orc shouts!
Found 8 gold pieces.
An orc comes into view. It is wielding an orcish dagger.
The orc shouts!
You closely miss the orc. Sanboga's ghost hits you.
* * * LOW HITPOINT WARNING * * *
The orc hits you but does no damage.
You closely miss the orc. Sanboga's ghost hits you!
You die...

. #.#.....#...##.#
#.#
#.###..####.##.####.#
#...........##......#
#####..##############
#..# #..# #..# #.p#
#.@# #.o# ....#
....... #........
........o .......$
........ ...


You could see sanboga's ghost and 2 orcs.

Vanquished Creatures
  An orc priest (D:3)
  2 adders (D:2)
  An inept item mimic (D:2)
  A worm (D:2)
  2 giant geckos (D:1)
  An ooze (D:1)
  An orc (D:3)
  6 bats
  5 giant cockroaches
  7 goblins
  7 hobgoblins
  A ball python (D:2)
  6 giant newts
  2 jackals (D:1)
  3 kobolds
  6 rats
52 creatures vanquished.

Notes
Turn   | Place    | Note
--------------------------------------------------------------
     0 | D:1      | sanboga, the Demonspawn Fighter, began the quest for the Orb.
     0 | D:1      | Reached XP level 1. HP: 18/18 MP: 0/0
   288 | D:1      | Gained mutation: You can steal the life force of nearby defeated enemies. [demonic ancestry]
   288 | D:1      | Reached XP level 2. HP: 22/24 MP: 1/1
   955 | D:1      | Gained mutation: When hurt, damage is shared between your health and your magic reserves. [demonic ancestry]
   955 | D:1      | Reached XP level 3. HP: 25/30 MP: 2/2
  1370 | D:2      | Reached skill level 1 in Dodging
  1562 | D:2      | Reached XP level 4. HP: 13/36 MP: 1/3
  2361 | D:3      | Noticed sanboga's ghost (average DsFi)
  2403 | D:3      | Slain by sanboga's ghost

Action                   |  1- 3 |  4- 6 || total
-------------------------+-------+-------++-------
Melee: Trident           |   162 |    51 ||   213
  Use: Potion            |     1 |       ||     1
       Scroll            |       |     1 ||     1
